Map: 凯罗斯中转站-天梯版

Players

Lambo

  • Race: Zerg Zerg
  • League: Gold

Lobo - Winner!

  • Race: Protoss Protoss

Event: WESG 2018 Grand Finals

VOD

Have the link to the VOD?

Description

Time

  • Played on: March 11, 2019, 6:58 a.m.
  • Length: 11:34

All games in this series

Show
View Real Time Build Order
Export as new Build Order

Lambo Zerg 

Build Orders: Hatch First 

Get SALT Encoding   

  12  0:00  Drone  
  13  0:12  Overlord  
  13  0:16  Drone  
  14  0:31  Drone  
  15  0:42  Drone  
  16  0:48  Hatchery  
  15  0:51  Drone  
  15  0:56  Drone  
  17  1:00  Drone  
  18  1:10  Extractor  
  17  1:13  Spawning Pool  
  17  1:16  Drone  
  17  1:20  Drone  
  18  1:28  Drone  
  19  1:38  Drone  
  20  1:50  Overlord  
  20  1:59  Queen x2  
  20  2:00  Zergling x4  
  26  2:10  Metabolic Boost  
  26  2:11  Drone  
  26  2:12  Drone  
  28  2:21  Drone  
  29  2:27  Drone  
  30  2:38  Hatchery  
  30  2:39  Drone  
  30  2:41  Drone  
  31  2:48  Drone  
  31  2:49  Overlord  
  32  2:55  Queen  
  34  3:03  Drone x2  
  36  3:10  Drone x2  
  36  3:11  Drone  
  39  3:13  Drone  
  39  3:14  Drone  
  39  3:16  Overlord  
  39  3:19  Drone  
  42  3:22  Drone x2  
  44  3:31  Lair  
  44  3:34  Drone  
  44  3:35  Roach Warren  
  44  3:41  Drone x2  
  46  3:43  Extractor  
  46  3:44  Overlord, Extractor  
  46  3:48  Overlord  
  44  3:50  Drone x2  
  44  3:55  Drone  
  47  3:56  Drone  
  48  4:04  Drone x3  
  51  4:19  Roach x6  
  51  4:20  Overlord  
  63  4:26  Roach x2  
  63  4:30  Overlord  
  67  4:33  Overseer  
  67  4:37  Roach  
  69  4:38  Zergling x10  
  69  4:42  Roach  
  76  4:47  Roach x2  
  76  4:50  Roach  
  82  4:54  Overlord  
  82  4:58  Overlord  
  81  5:05  Overseer  
  80  5:13  Roach x2  
  80  5:14  Roach x2  
  86  5:19  Roach x2  
  90  5:23  Roach  
  90  5:26  Drone x6  
  97  5:29  Drone  
  97  5:30  Drone  
  97  5:34  Drone  
  97  5:37  Overlord  
  97  5:41  Overlord  
  97  5:45  Overseer  
  93  5:51  Overlord  
  93  5:57  Drone x4  
  93  6:00  Glial Reconstitution  
  93  6:01  Drone x3  
  93  6:02  Extractor  
  99  6:07  Queen  
  99  6:10  Overlord  
  101  6:12  Roach x5  
  101  6:16  Overlord  
  110  6:21  Overlord  
  110  6:22  Zergling x2  
  110  6:23  Roach x3  
  117  6:27  Overlord  
  117  6:30  Roach x2  
  121  6:35  Roach x3  
  121  6:38  Overlord  
  127  6:40  Roach x2  
  127  6:46  Roach x2  
  135  6:50  Overlord  
  135  6:54  Overlord  
  135  6:56  Roach  
  135  6:57  Roach x3  
  143  7:05  Roach x4  
  143  7:08  Overlord x2  
  150  7:13  Overseer  
  150  7:16  Roach x2  
  150  7:20  Overlord  
  150  7:22  Roach x3  
  160  7:26  Roach x2  
  164  7:30  Roach  
  164  7:32  Overlord  
  164  7:36  Roach x2  
  164  7:37  Roach  
  172  7:39  Roach  
  172  7:42  Roach  
  172  7:51  Roach  
  172  7:52  Roach x3  
  172  7:58  Roach x2, Evolution Chamber  
  171  8:02  Drone x6  
  171  8:05  Queen, Extractor  
  178  8:06  Drone x2  
  178  8:07  Drone  
  178  8:11  Drone  
  172  8:15  Drone x2  
  164  8:21  Roach x4  
  164  8:25  Roach x4  
  172  8:33  Roach x2  
  168  8:40  Roach x2  
  172  8:45  Roach  
  172  8:48  Roach x2  
  176  8:50  Queen  
  166  9:01  Roach x3  
  149  9:16  Roach x7  
  153  9:28  Zerg Missile Weapons Level 1  
  153  9:31  Baneling Nest  
  152  9:41  Roach x3  
  152  9:42  Roach x3  
  152  9:44  Hatchery  
  161  9:48  Roach x3  
  159  9:53  Roach  
  159  9:56  Roach  
  159  9:57  Roach  
  157  10:03  Roach  
  152  10:09  Roach x5  
  151  10:15  Roach  
  151  10:20  Roach x3  
  125  10:24  Roach x2  
  114  10:29  Roach  
  114  10:34  Roach x2  
  89  10:43  Roach x2  
  89  10:53  Roach  
  89  10:56  Roach, Ravager  
  89  10:57  Roach  
  96  11:03  Roach  
  96  11:05  Roach  
  96  11:10  Roach  
Show
View Real Time Build Order
Export as new Build Order

Lobo Protoss - Winner!

Build Orders: 1 Gate Expand, Chargelot Immortal 

Get SALT Encoding   

  12  0:00  Probe  
  13  0:12  Probe  
  14  0:19  Pylon  
  14  0:25  Probe  
  15  0:34  Probe  
  15  0:42  Probe  
  16  0:43  Gateway  
  16  0:48  Assimilator  
  17  0:51  Probe  
  18  1:03  Probe  
  19  1:15  Probe  
  20  1:25  Nexus  
  20  1:36  Cybernetics Core  
  20  1:37  Probe  
  21  1:47  Assimilator  
  21  1:49  Probe  
  22  1:54  Pylon  
  22  2:01  Probe  
  22  2:03  Adept  
  23  2:13  Probe  
  26  2:25  Probe, Warp Gate  
  26  2:27  Twilight Council  
  27  2:36  Stalker  
  30  2:37  Probe  
  30  2:38  Probe  
  31  2:49  Probe x2  
  32  2:54  Charge  
  32  2:56  Robotics Facility  
  32  2:57  Probe x2  
  32  3:05  Probe x2  
  34  3:10  Gateway  
  36  3:16  Probe x2  
  38  3:23  Pylon  
  38  3:28  Probe x2  
  38  3:33  Gateway  
  40  3:38  Gateway  
  40  3:44  Warp Prism  
  42  3:54  Probe x2  
  44  3:58  Pylon  
  44  4:01  Pylon  
  44  4:10  Warp Prism  
  44  4:15  Dark Shrine  
  46  4:25  Probe x2  
  48  4:32  Zealot x3  
  48  4:33  Zealot  
  54  4:41  Probe  
  54  4:42  Probe  
  54  4:43  Assimilator  
  56  4:46  Assimilator  
  56  4:54  Zealot x4  
  62  5:10  Immortal  
  60  5:17  Probe  
  60  5:19  Nexus  
  65  5:22  Pylon  
  65  5:29  Dark Templar x2  
  65  5:33  Pylon  
  65  5:34  Dark Templar  
  65  5:35  Pylon, Dark Templar  
  63  5:43  Immortal  
  59  5:51  Probe x2  
  61  5:58  Forge  
  61  6:03  Probe x2  
  63  6:06  Sentry, Zealot  
  63  6:07  Protoss Ground Weapons Level 1, Zealot x2  
  71  6:15  Probe x2, Immortal  
  73  6:20  Gateway  
  73  6:23  Gateway  
  77  6:34  Probe x2  
  77  6:38  Gateway  
  79  6:45  Pylon  
  79  6:47  Zealot  
  79  6:50  Gateway  
  79  6:54  Probe x3  
  84  6:56  Sentry x3  
  89  7:06  Probe x3  
  92  7:13  Sentry  
  98  7:21  Zealot  
  98  7:22  Immortal  
  100  7:25  Zealot x3  
  100  7:26  Zealot  
  100  7:28  Probe x3  
  111  7:32  Photon Cannon  
  111  7:37  Pylon  
  111  7:38  Pylon  
  111  7:46  Dark Templar x2  
  109  7:54  Immortal  
  109  7:55  Sentry x2  
  109  7:56  Zealot x4  
  119  8:08  Archon  
  101  8:23  Zealot x7  
  101  8:24  Zealot  
  99  8:46  Dark Templar x2  
  99  8:47  Zealot x4  
  107  8:49  Probe  
  107  8:50  Probe  
  84  9:06  Probe x2  
  84  9:09  Zealot x3  
  89  9:11  Sentry  
  75  9:25  Zealot x3  
  81  9:34  Sentry  
  81  9:35  Sentry x3  
  87  9:51  Dark Templar  
  85  10:00  Zealot  
  85  10:01  Zealot x4  
  95  10:07  Probe x2  
  81  10:18  Zealot x2  
  79  10:22  Sentry x2  
  79  10:26  Sentry, Zealot x3  
  80  10:43  Sentry, Zealot  
  78  10:53  Zealot  
  78  10:54  Zealot x3  
  78  10:55  Zealot  
  78  11:16  Zealot x3  
  78  11:17  Zealot x2  
  68  11:26  Zealot x3  
Tags
 
Add a new tag
Caveats
  • Supply blocks, unpowered buildings, or Contaminate may cause inaccurate times.
  • Supply counts are checked every 10 seconds.